 Dungeon Crawl Stone Soup version 0.21-a0-1-gaf3b9a5 (webtiles) character file.

119 MTVSty1e the Skirmisher (level 4, 0/41 HPs)
             Began as a Minotaur Fighter on May 20, 2017.
             Slain by an orc priest
             ... wielding a cursed +0 trident
              (4 damage)
             ... on level 3 of the Dungeon.
             The game lasted 00:02:33 (1728 turns).

MTVSty1e the Skirmisher (Minotaur Fighter)          Turns: 1728, Time: 00:02:33

Health: 0/41       AC:  9    Str: 27    XL:     4   Next: 74%
Magic:  3/3        EV:  8    Int:  5    God:
Gold:   106        SH: 10    Dex:  9    Spells: 3/3 levels left

rFire    . . .     SeeInvis .   a - +0 war axe
rCold    . . .     Gourm    .   c - +0 shield
rNeg     . . .     Faith    .   b - +0 scale mail
rPois    .         Spirit   .   (helmet restricted)
rElec    .         Reflect  .   n - +1 cloak
rCorr    .         Harm     .   (no gloves)
MR       .....                  (no boots)
Stlth    ..........             (no amulet)
Regen    0.2/turn               (no ring)
MPRegen  0.1/turn               (no ring)

@: mighty
A: retaliatory headbutt, horns 2
a: no special abilities


You were on level 3 of the Dungeon.
You were not hungry.

You visited 1 branch of the dungeon, and saw 3 of its levels.

You collected 106 gold pieces.

Inventory:

Hand Weapons
 a - a +0 war axe (weapon)
Armour
 b - a +0 scale mail (worn)
 c - a +0 shield (worn)
 n - a +1 cloak (worn)
Scrolls
 e - a scroll of immolation {unknown}
 h - 3 scrolls of identify {unknown}
 i - a scroll of amnesia {unknown}
 j - 2 scrolls of teleportation {unknown}
 k - 2 scrolls of remove curse {unknown}
 l - a scroll of blinking {unknown}
 p - a scroll of magic mapping {unknown}
 r - a scroll of enchant weapon {unknown}
Potions
 g - a potion of agility {unknown}
 m - a potion of cancellation {unknown}
 o - a potion of curing {unknown}
Comestibles
 f - 3 bread rations
 q - a meat ration


   Skills:
 * Level 4.6 Fighting
 + Level 3.5 Axes
 + Level 4.1 Armour
 + Level 1.8 Dodging
 + Level 4.4 Shields


You had 3 spell levels left.
You didn't know any spells.

Dungeon Overview and Level Annotations

Branches:
Dungeon (3/15)

Altars:


Innate Abilities, Weirdness & Mutations

You reflexively headbutt those who attack you in melee.
You have a pair of horns on your head.


Message History

You slice the orc!!
You kill the orc!
You barely miss the orc priest. You block the orc priest's attack.
The orc priest barely misses you. You furiously retaliate!
You headbutt the orc priest!
A bullfrog zombie comes into view.
Your shield prevents you from hitting the orc priest.
The orc priest is almost dead.
The bullfrog zombie moves out of view.
The orc priest hits you from afar with a trident.
* * * LOW HITPOINT WARNING * * *
You block the orc priest's attack.
The orc priest hits you but does no damage.
The orc priest barely misses you.
You slash the orc priest!
You kill the orc priest!
Your Armour skill increases to level 4!
You block the orc priest's attack. The orc priest hits you with a trident.
You die...

#........o# #.........#
#......o..# #.....g.o.#
#.....o...# #
#...o.....###
#.#####.........
#...$...##################
#......oo@................
##.....g#####.............
#.$....# #.............
#......# #.............
#......# #.............
######## #.............
#.............
#.............
#.............


You could see an orc priest, an orc and a goblin.

Vanquished Creatures
  An orc priest (D:3)
  3 adders (D:2)
  An ooze (D:2)
  A worm (D:3)
  2 dart slugs (D:1)
  A leopard gecko (D:1)
  An orc (D:3)
  2 bats (D:2)
  3 giant cockroaches
  7 goblins
  11 hobgoblins
  5 frilled lizards (D:1)
  6 kobolds (D:1)
  5 rats
49 creatures vanquished.

Notes
Turn   | Place    | Note
-------+----------+-------------------------------------------
     0 | D:1      | MTVSty1e the Minotaur Fighter began the quest for the Orb.
     0 | D:1      | Reached XP level 1. HP: 19/19 MP: 0/0
   127 | D:1      | Reached XP level 2. HP: 27/27 MP: 1/1
   237 | D:1      | Reached skill level 1 in Dodging
   548 | D:1      | Reached XP level 3. HP: 33/33 MP: 2/2
  1262 | D:2      | Reached XP level 4. HP: 30/40 MP: 3/3
  1728 | D:3      | Slain by an orc priest

Vault maps used:
D:1:      dpeg_arrival_simpleton_a
D:2:      kennysheep_generic_room_7
D:3:      first_bread, uniq_sigmund

Skill      XL: |  1  2  3  4 |
---------------+-------------+-----
Dodging        | 1 |  1.8
Axes           | 3 |  3.5
Shields        | 4 |  4.4
Fighting       | 4 |  4.6
Armour         | 4 |  4.1

Action                   |  1- 3 |  4- 6 || total
-------------------------+-------+-------++-------
Melee: War axe           |    98 |    29 ||   127
       Headbutt          |    10 |     4 ||    14
  Use: Potion            |       |     1 ||     1
  Eat: Royal jelly       |     1 |       ||     1
       Fruit             |       |     1 ||     1
Armor: Scale mail        |    37 |    16 ||    53
Dodge: Dodged            |    28 |    10 ||    38
Block: Shield            |    62 |     9 ||    71
